Map: Thunderbird LE

Players

DarwinAwdWnr

  • Race: Zerg Zerg
  • League: Platinum
  • Spawn Location: 5:00

Guy - Winner!

  • Race: Terran Terran
  • League: Platinum
  • Spawn Location: 11:00

VOD

Have the link to the VOD?

Description

Time

  • Played on: June 14, 2019, 11:59 p.m.
  • Length: 7:59
Show
View Real Time Build Order
Export as new Build Order

DarwinAwdWnr Zerg 

Build Orders: Hatch First 

Get SALT Encoding   

  12  0:01  Drone  
  13  0:10  Drone  
  14  0:18  Overlord  
  14  0:36  Drone x2  
  16  0:53  Drone, Hatchery  
  16  0:56  Drone  
  17  1:01  Extractor  
  16  1:13  Spawning Pool  
  16  1:16  Drone  
  16  1:20  Drone  
  17  1:33  Drone x2  
  19  1:43  Drone  
  20  2:00  Zergling x2  
  21  2:04  Queen  
  21  2:05  Overlord x2  
  23  2:25  Queen  
  23  2:28  Zergling x2  
  23  2:29  Drone x3  
  27  2:55  Drone  
  27  2:56  Drone x4  
  27  2:57  Queen  
  34  3:16  Zergling x2  
  34  3:17  Zergling x4  
  37  3:37  Hatchery  
  35  3:45  Metabolic Boost  
  35  3:48  Lair  
  35  3:50  Drone  
  35  3:51  Drone x7, Extractor  
  42  4:04  Overlord x2  
  42  4:20  Baneling Nest  
  42  4:22  Queen  
  43  4:36  Extractor  
  42  4:46  Overlord x2  
  42  4:50  Drone x2  
  42  4:51  Drone x7  
  51  4:58  Queen  
  53  5:16  Queen  
  55  5:25  Zergling x22  
  55  5:26  Zergling x4  
  68  5:33  Evolution Chamber x2  
  65  5:44  Baneling  
  65  5:45  Baneling x6  
  65  6:00  Spire  
  64  6:09  Zergling x2  
  64  6:10  Zergling x22  
  76  6:29  Extractor  
  75  6:36  Drone x6  
  75  6:39  Overlord x4  
  81  7:16  Mutalisk x9  
  97  7:29  Zergling x2  
  71  7:30  Zergling x18  
  71  7:36  Zergling x4  
Show
View Real Time Build Order
Export as new Build Order

Guy Terran - Winner!

Build Orders: Reaper Expand 

Get SALT Encoding   

  12  0:01  SCV  
  13  0:13  SCV  
  14  0:17  Supply Depot  
  14  0:25  SCV  
  15  0:41  Barracks  
  15  0:42  SCV  
  16  0:46  Refinery  
  16  0:54  SCV  
  17  1:06  SCV  
  18  1:18  SCV  
  19  1:29  Reaper  
  19  1:30  Orbital Command  
  20  1:45  Command Center  
  20  1:56  SCV  
  20  1:58  Supply Depot  
  22  2:08  SCV, Barracks Tech Lab  
  22  2:17  Factory  
  22  2:20  SCV  
  23  2:32  SCV  
  24  2:42  Marine  
  25  2:44  SCV  
  26  2:53  Stimpack  
  26  2:56  SCV  
  26  2:57  Orbital Command  
  27  2:59  Barracks  
  27  3:01  Barracks  
  27  3:03  Factory Tech Lab  
  27  3:04  Refinery  
  27  3:05  Marine  
  28  3:16  Orbital Command  
  28  3:18  SCV  
  29  3:29  Marine  
  29  3:33  SCV  
  31  3:34  Bunker  
  31  3:45  SCV  
  31  3:47  SCV  
  33  3:50  Barracks Reactor  
  33  3:52  Barracks Reactor  
  33  3:54  Barracks  
  33  3:55  Barracks  
  33  3:56  Marine  
  33  3:57  SCV  
  33  3:59  SCV  
  36  4:12  SCV x2  
  36  4:16  Marine  
  39  4:25  Siege Tank  
  39  4:26  Refinery  
  39  4:28  Marine x2  
  44  4:31  Supply Depot  
  44  4:32  Supply Depot  
  44  4:35  Supply Depot  
  44  4:36  Marine x2  
  46  4:47  Barracks Reactor, Barracks Tech Lab  
  46  4:53  Marine x3  
  46  4:54  SCV x2  
  46  4:56  Marine x2  
  46  4:59  Combat Shield  
  53  5:06  SCV  
  54  5:10  Marine x2  
  54  5:14  Marine x4  
  56  5:15  SCV, Starport  
  56  5:18  SCV  
  62  5:23  Supply Depot  
  62  5:24  Marine  
  62  5:25  Marine  
  62  5:27  SCV  
  65  5:28  Marine x2  
  65  5:31  Marine  
  68  5:40  SCV x2  
  69  5:45  Siege Tank, Marine  
  69  5:46  Marine x5  
  78  5:51  Supply Depot  
  78  5:55  Supply Depot x2  
  78  5:58  Starport Reactor  
  78  6:11  Command Center  
  78  6:13  Marine x4  
  82  6:22  SCV x2  
  82  6:25  Siege Tank  
  87  6:26  Marine x4  
  87  6:28  Refinery  
  87  6:30  Marine  
  87  6:31  Marine x3  
  87  6:32  Supply Depot  
  95  6:34  SCV x2  
  95  6:35  Medivac  
  99  6:43  Marine  
  99  6:44  Marine  
  99  6:46  SCV  
  102  6:52  Supply Depot  
  102  6:54  SCV  
  103  6:55  Supply Depot  
  103  7:00  Command Center  
  103  7:01  Marine x6  
  109  7:14  Medivac  
  102  7:32  Marine  
  102  7:33  Marine x7  
Tags
 
Add a new tag
Caveats
  • Supply blocks, unpowered buildings, or Contaminate may cause inaccurate times.
  • Supply counts are checked every 10 seconds.